 Dungeon Sprint DCSS version 0.30-a0-949-g53dc5368d7 (webtiles) character file.

Game seed: 1194524658878169129

25414 retardedninja the Executioner (level 13, 0/136 HPs)
             Began as a Hill Orc Fighter on Mar 27, 2023.
             Was the Champion of Beogh.
             Slain by a bunyip (24 damage)
             ... in the Dungeon (Sprint IX: "|||||||||||||||||||||||||||||").
             The game lasted 00:11:14 (4889 turns).

retardedninja the Executioner (Hill Orc Fighter)    Turns: 4889, Time: 00:11:16

Health: 0/136      AC: 26    Str: 27    XL:     13   Next: 19%
Magic:  13/13      EV:  7    Int: 11    God:    Beogh [******]
Gold:   1103       SH: 13    Dex: 10    Spells: 12/12 levels left

rFire   . . .      SeeInvis .    c - +2 broad axe (flame)
rCold   . . .      Faith    .    i - +0 kite shield
rNeg    . . .      Spirit   .    C - +0 plate armour {Will+}
rPois   .          Reflect  .    t - +0 hat {Will+}
rElec   .          Rampage  .    z - +1 cloak {Stlth+}
rCorr   .          NoTele   +    o - +2 pair of gloves
Will    ++...                    n - +0 pair of boots Stlth
                                 (no amulet)
HPRegen 0.42/turn                q - +3 ring of strength
MPRegen 0.13/turn                p - +3 ring of intelligence

@: no status effects
A: walk on water
a: Renounce Religion, Smiting, Recall Orcish Followers, Give Item to Named
Follower, Resurrection


You were in the Dungeon.
You worshipped Beogh.
Beogh was exalted by your worship.
You visited 1 branch You collected 2653 gold pieces.
You spent 1550 gold pieces at shops.

Inventory:

Hand Weapons
 a - the +9 sword of Zonguldrok {reap}
   (You found it in the Dungeon)
 c - a +2 broad axe of flaming (weapon)
 s - a +3 heavy war axe
 D - a +0 triple crossbow
Missiles
 k - 3 throwing nets (quivered)
Armour
 i - a +0 kite shield (worn)
 n - a +0 pair of boots (worn)
 o - a +2 pair of gloves (worn)
 t - a +0 hat of willpower (worn)
 z - a +1 cloak of stealth (worn)
 C - a +0 plate armour of willpower (worn)
Jewellery
 p - a +3 ring of intelligence (right hand)
 q - a +3 ring of strength (left hand)
 v - a ring of ice
 w - a ring of protection from cold
 x - a ring of ice
 y - a ring of see invisible
Scrolls
 j - 4 scrolls of blinking
 l - 2 scrolls of amnesia
 m - a scroll of identify
 u - a scroll of fear
 A - 2 scrolls of fog
 B - 2 scrolls of enchant weapon
Potions
 b - a potion of mutation
 f - a potion of resistance
 h - 4 potions of magic


   Skills:
 + Level 18.6 Fighting
 * Level 26.8 Axes
 + Level 17.1 Armour
 + Level 17.2 Shields


You had 12 spell levels left.
You didn't know any spells.
Your spell library was empty.

Dungeon Overview and Level Annotations

Branches:
Dungeon (1/1)

Altars:
Cheibriados
Dithmenos
Elyvilon
Fedhas
Gozag
Hepliaklqana
Kikubaaqudgha
Makhleb
Nemelex Xobeh
Okawaru
Qazlal
Ru
Sif Muna
Trog
Uskayaw
Vehumet
Wu Jian
Xom
Yredelemnul
Zin
The Shining One
Beogh
Jiyva
Lugonu

Shops:
D :[:?


Message History

Unknown command.
You lop one of the five-headed hydra's heads off!
The flame cauterises the wound!
You slash the four-headed hydra! You burn the four-headed hydra.
The four-headed hydra is moderately wounded.
You are hit by a branch!
The spriggan druid calls out to the beasts of the wild!
The four-headed hydra bites you but does no damage. x2
You block the four-headed hydra's attack. x2
You hack one of the four-headed hydra's heads off!
The flame cauterises the wound!
You slice the three-headed hydra!! You burn the three-headed hydra.
The three-headed hydra is heavily wounded.
A root smacks you from below!
The thorn hunter gestures.
Thorny briars emerge from the ground!
You chop one of the three-headed hydra's heads off!
The flame cauterises the wound!
You hit the two-headed hydra. You burn the two-headed hydra.
The two-headed hydra is severely wounded.
Tree limbs sway around you. A tree reaches out and hits you.
* * * LOW HITPOINT WARNING * * *
You block the two-headed hydra's attack.
The two-headed hydra bites you.
* * * LOW HITPOINT WARNING * * *
The thorn hunter gestures.
You hack one of the two-headed hydra's heads off!
The flame cauterises the wound!
You slice the one-headed hydra!! You burn the one-headed hydra!
You kill the one-headed hydra!
Beogh accepts your kill.
Unknown command.
You slash the bunyip! You burn the bunyip.
The bunyip is moderately wounded.
Trunks creak and shift.
A tree reaches out and hits you!
* * * LOW HITPOINT WARNING * * *
You block the bunyip's attack. The bunyip claws you!!
You die...

))..))...)...'....)).))..))'.....
▓▓▓▓▓▓▓▓▓▓▓▓▓▓▓▓▓▓▓▓▓▓▓▓▓▓▓▓▓▓▓▓▓
.................................
▓▓▓▓▓▓▓▓▓▓▓▓▓▓▓▓▓▓▓▓▓▓▓▓▓▓▓▓▓▓▓▓▓
.))..)...[[[.[[[[.))).)).).....'.
▓▓▓▓▓▓▓▓▓▓▓▓▓▓▓▓▓▓▓▓▓▓▓▓▓▓▓▓▓▓▓▓▓
.................................
▓▓▓▓▓▓♣♣♣♣♣♣♣♣♣♣▓▓▓▓▓▓▓▓▓▓▓▓▓▓▓▓▓
.fiR.Dx@o.PP..))).).....
♣♣♣♣♣♣♣▓▓▓▓▓▓▓▓▓▓▓▓▓▓▓▓▓


You could see a thorn hunter, a bunyip (ally target), an eleionoma, a
four-headed hydra, a spriggan druid and the friendly Bladwarg the orc priest.

Vanquished Creatures
  Gastronok (D)
  A frost giant (D)
  A very ugly thing (D)
  A stone giant (D)
  An ettin (D)
  Harold (D)
  2 hydras (D)
  A boulder beetle (D)
  A salamander tyrant (D)
  A catoblepas (D)
  4 centaur warriors (D)
  An alligator (D)
  A deep troll shaman (D)
  A death yak (D)
  An orc high priest (D)
  A naga ritualist (D)
  A swamp dragon (D)
  3 lindwurms (D)
  2 orc knights (D)
  2 ugly things (D)
  A deep elf pyromancer (D)
  A mana viper (D)
  2 cyclopes (D)
  5 black mambas (D)
  2 cane toads (D)
  A naga mage (D)
  An elephant (D)
  A gargoyle (D)
  Psyche (D)
  3 komodo dragons (D)
  A polar bear (D)
  A blink frog (D)
  A tyrant leech (D)
  A slime creature (D)
  A vampire (D)
  A shadow (D)
  2 wyverns (D)
  A wraith (D)
  3 yaks (D)
  A naga (D)
  2 water moccasins (D)
  3 orc warriors (D)
  A centaur (D)
  A wolf (D)
  A bullfrog (D)
  2 orc priests (D)
  An orc wizard (D)
  An adder (D)
  An ufetubus (D)
  2 worms (D)
  3 orcs (D)
  A bat (D)
  2 endoplasms (D)
  A kobold (D)
  A ball python (D)
82 creatures vanquished.

Vanquished Creatures (collateral kills)
  An ice dragon (D)
  An orc knight (D)
  An ugly thing (D)
  3 orc warriors (D)
  An orc priest (D)
  A worm (D)
  An orc (D)
9 creatures vanquished.

Vanquished Creatures (others)
  3 orc knights (D)
  3 orc priests (D)
  A wizard (D)
  13 orc warriors (D)
  4 orc wizards (D)
  A worm (D)
  2 orcs (D)
27 creatures vanquished.

Grand Total: 118 creatures vanquished

Notes
Turn   | Place    | Note
-------+----------+-------------------------------------------
     0 | D        | retardedninja the Hill Orc Fighter began the quest for the
                  | Orb.
     0 | D        | Reached XP level 1. HP: 19/19 MP: 1/1
     7 | D        | Reached skill level 3 in Axes
    25 | D        | Reached skill level 4 in Axes
    36 | D        | Reached XP level 2. HP: 27/27 MP: 2/2
    43 | D        | Reached skill level 5 in Axes
    50 | D        | Reached XP level 3. HP: 14/34 MP: 3/3
   336 | D        | Found a roughly hewn altar of Beogh.
   336 | D        | Found a snail-covered altar of Cheibriados.
   336 | D        | Found a shadowy altar of Dithmenos.
   336 | D        | Found a white marble altar of Elyvilon.
   336 | D        | Found a blossoming altar of Fedhas.
   336 | D        | Found an opulent altar of Gozag.
   337 | D        | Found a hazy altar of Hepliaklqana.
   338 | D        | Found a viscous altar of Jiyva.
   339 | D        | Became a worshipper of Beogh the Brigand
   340 | D        | Found an ancient bone altar of Kikubaaqudgha.
   341 | D        | Found a corrupted altar of Lugonu.
   342 | D        | Found a burning altar of Makhleb.
   343 | D        | Found a sparkling altar of Nemelex Xobeh.
   344 | D        | Found an iron altar of Okawaru.
   345 | D        | Found a stormy altar of Qazlal.
   346 | D        | Found a sacrificial altar of Ru.
   347 | D        | Found a shimmering blue altar of Sif Muna.
   348 | D        | Found a bloodstained altar of Trog.
   349 | D        | Found a hide-covered altar of Uskayaw.
   350 | D        | Found a radiant altar of Vehumet.
   351 | D        | Found an ornate altar of the Wu Jian Council.
   352 | D        | Found a shimmering altar of Xom.
   353 | D        | Found a basalt altar of Yredelemnul.
   354 | D        | Found a glowing silver altar of Zin.
   355 | D        | Found a glowing golden altar of the Shining One.
   420 | D        | Noticed a centaur
   420 | D        | Noticed a yak
   420 | D        | Noticed a wraith
   420 | D        | Noticed a vampire
   420 | D        | Noticed a shadow
   420 | D        | Noticed a wyvern
   424 | D        | Killed a wyvern
   425 | D        | Reached skill level 9 in Axes
   425 | D        | Reached XP level 4. HP: 40/45 MP: 4/4
   425 | D        | Reached XP level 5. HP: 45/51 MP: 5/5
   425 | D        | Killed a centaur
   426 | D        | Reached skill level 10 in Axes
   426 | D        | Reached XP level 6. HP: 53/60 MP: 6/6
   426 | D        | Killed a wraith
   426 | D        | Reached * piety under Beogh
   426 | D        | Killed a yak
   427 | D        | Reached skill level 12 in Axes
   427 | D        | Reached XP level 7. HP: 62/69 MP: 7/7
   427 | D        | Killed a shadow
   428 | D        | Reached skill level 13 in Axes
   430 | D        | Killed a vampire
   430 | D        | Reached ** piety under Beogh
   431 | D        | Reached skill level 14 in Axes
   431 | D        | Reached XP level 8. HP: 53/79 MP: 8/8
   512 | D        | Noticed a boulder beetle
   512 | D        | Noticed a slime creature
   512 | D        | Noticed a centaur warrior
   512 | D        | Noticed a catoblepas
   512 | D        | Noticed a gargoyle
   526 | D        | HP: 2/79 [catoblepas (13)]
   528 | D        | Killed a gargoyle
   529 | D        | Reached skill level 10 in Fighting
   529 | D        | Killed a slime creature
   530 | D        | Reached skill level 15 in Axes
   531 | D        | Killed a catoblepas
   531 | D        | Reached *** piety under Beogh
   532 | D        | Reached skill level 16 in Axes
   532 | D        | Reached skill level 10 in Armour
   532 | D        | Reached skill level 10 in Shields
   532 | D        | Reached XP level 9. HP: 19/89 MP: 9/9
   543 | D        | Killed a centaur warrior
   544 | D        | Reached skill level 17 in Axes
   552 | D        | Killed a boulder beetle
   553 | D        | Reached skill level 18 in Axes
   946 | D        | Noticed a cane toad
   946 | D        | Noticed a black mamba
   946 | D        | Noticed a komodo dragon
   949 | D        | Noticed a death yak
   950 | D        | Killed a komodo dragon
   951 | D        | Reached XP level 10. HP: 100/100 MP: 10/10
   952 | D        | Reached **** piety under Beogh
   953 | D        | Killed a black mamba
   955 | D        | Killed a cane toad
   956 | D        | Reached skill level 19 in Axes
   962 | D        | Killed a death yak
   963 | D        | Reached ***** piety under Beogh
  1232 | D        | Noticed a cane toad
  1232 | D        | Noticed a six-headed hydra
  1237 | D        | Reached skill level 20 in Axes
  1240 | D        | Noticed an elephant
  1241 | D        | Killed a nine-headed hydra
  1253 | D        | Killed a cane toad
  1256 | D        | Reached XP level 11. HP: 86/111 MP: 11/11
  1256 | D        | Reached ****** piety under Beogh
  1263 | D        | Reached skill level 21 in Axes
  1466 | D        | Noticed a lindwurm
  1466 | D        | Noticed a lindwurm
  1474 | D        | Killed a lindwurm
  1476 | D        | Noticed a lindwurm
  1493 | D        | Killed a lindwurm
  1494 | D        | Reached skill level 15 in Fighting
  1502 | D        | Killed a lindwurm
  1843 | D        | Noticed Psyche
  1851 | D        | Killed Psyche
  1852 | D        | Reached skill level 22 in Axes
  1866 | D        | Noticed Harold
  1876 | D        | Killed Harold
  2022 | D        | Noticed an orc high priest
  2022 | D        | Noticed a stone giant
  2023 | D        | Noticed an orc knight
  2027 | D        | Killed a stone giant
  2044 | D        | Killed an orc high priest
  2284 | D        | Noticed an orc knight
  2295 | D        | Killed an orc knight
  2296 | D        | Reached skill level 23 in Axes
  2427 | D        | Found Uniplexi's Magic Scroll Boutique.
  2427 | D        | Noticed an orc knight
  2430 | D        | Found Puth's Book Shop.
  2432 | D        | Found Uluttuj's Antique Armour Boutique.
  2432 | D        | Noticed an orc knight
  2434 | D        | Killed an orc knight
  2434 | D        | Noticed an orc knight
  2436 | D        | Found Wiyzav's Book Shop.
  2448 | D        | Killed an orc knight
  2460 | D        | Bought a kite shield for 94 gold pieces
  2480 | D        | Bought a scroll of acquirement for 728 gold pieces
  2480 | D        | Acquired 722 gold pieces
  2482 | D        | Bought a scroll of acquirement for 728 gold pieces
  2482 | D        | Acquired a +2 broad axe of flaming
  2511 | D        | Noticed Gastronok
  2527 | D        | Killed Gastronok
  2528 | D        | Reached skill level 15 in Armour
  2528 | D        | Reached skill level 15 in Shields
  2528 | D        | Reached XP level 12. HP: 90/124 MP: 12/12
  2609 | D        | Found the +9 sword of Zonguldrok {reap}
  2967 | D        | Noticed a centaur warrior
  2967 | D        | Noticed a centaur warrior
  2972 | D        | Noticed a centaur warrior
  2983 | D        | Killed a centaur warrior
  2984 | D        | Reached skill level 24 in Axes
  2984 | D        | Noticed a brown very ugly thing
  2994 | D        | Noticed a deep troll shaman
  3007 | D        | Killed a brown very ugly thing
  3008 | D        | Noticed an ice dragon
  3010 | D        | Killed a centaur warrior
  3019 | D        | Noticed a frost giant
  3025 | D        | Noticed an ettin
  3031 | D        | Killed a centaur warrior
  3032 | D        | Reached skill level 25 in Axes
  3039 | D        | Killed a deep troll shaman
  3039 | D        | HP: 5/125 [ice dragon/blast of cold (43)]
  3050 | D        | Killed an ice dragon
  3482 | D        | Killed an ettin
  3482 | D        | Gained Bogwik as an ally
  3545 | D        | Your ally Bogwik died
  3547 | D        | HP: 6/127 [frost giant/bolt of cold (33)]
  3553 | D        | Killed a frost giant
  4417 | D        | Noticed a salamander tyrant
  4432 | D        | Killed a salamander tyrant
  4445 | D        | Reached skill level 26 in Axes
  4461 | D        | Reached XP level 13. HP: 22/134 MP: 1/13
  4867 | D        | Noticed an eleionoma
  4867 | D        | Noticed a bunyip
  4881 | D        | Noticed a thorn hunter
  4884 | D        | Gained Bladwarg as an ally
  4889 | D        | Slain by a bunyip

Illustrated notes

Levels and vault maps discovered:
D:        linesprint [early_d, line_temple, items_1, d_10, items_2, lair_1,
          lair_end, items_3, orc_1, orc_end, items_4, d_15, swamp_1, shoals_1,
          snake_1, spider_1, d_20, vaults_1, items_5, swamp_end, shoals_end,
          snake_end, spider_end, vaults_end, d_27, items_6, zot_1, zot_end,
          crypt_end, forest_end, elf_end, slime_end, tomb_end, abyss_end,
          pan_hell_end]

Skill      XL: |  1  2  3  4  5  6  7  8  9 10 11 12 13 |
---------------+----------------------------------------+-----
Axes           | 4 5 9 10 12 14 16 18 20 23 26 | 26.8
Fighting       | 4 6 7 8 9 11 12 14 16 18 | 18.6
Armour         | 4 6 8 9 10 11 13 15 16 17 | 17.1
Shields        | 4 6 8 9 10 11 13 15 16 17 | 17.2

Action                     |  1- 3 |  4- 6 |  7- 9 | 10-12 | 13-15 || total
---------------------------+-------+-------+-------+-------+-------++-------
  Melee: War axe           |    42 |       |    14 |   122 |       ||   178
         Broad axe         |       |       |       |   125 |    33 ||   158
 Invoke: Smiting           |       |       |       |     3 |       ||     3
         Give Item to Name |       |       |       |     1 |       ||     1
  Evoke: Wand              |     1 |     2 |     7 |       |       ||    10
    Use: Potion            |     1 |       |     4 |    18 |       ||    23
         Scroll            |       |       |     2 |     2 |     1 ||     5
   Stab: Invisible         |       |       |       |     2 |       ||     2
 Armour: Scale mail        |    28 |     1 |    27 |    42 |       ||    98
         Plate armour      |       |       |       |    46 |    14 ||    60
  Dodge: Dodged            |    30 |     1 |     6 |    55 |     4 ||    96
  Block: Buckler           |    12 |       |    10 |    32 |       ||    54
         Kite shield       |       |       |       |    45 |    14 ||    59

Table legend: (Time is in decaauts)
 A = Elapsed time spent in this place.
 B = Non-inter-level travel time spent in this place.
 C = Inter-level travel time spent in this place.
 D = Time resting spent in this place.
 E = Time spent auto-exploring this place.
 F = Levels seen in this place.
 G = Mean time per level.
                   A        B        C        D        E       F      G
               +--------+--------+--------+--------+--------+-----+--------+
         Total |   4861 |   4321 |    540 |   2566 |    350 |   1 | 4861.0 |
       Dungeon |   4861 |   4321 |    540 |   2566 |    350 |   1 | 4861.0 |
               +--------+--------+--------+--------+--------+-----+--------+

Top non-repeatable levels by time:
       D: 4861 daAuts
